 Dungeon Crawl Stone Soup version 0.21-a0-349-g0c35859 (webtiles) character file.

8 Hasart the Insei (level 1, 0/15 HPs)
             Began as a Demigod Transmuter on Oct 8, 2017.
             Slain by a goblin
             ... wielding a +0 club
              (1 damage)
             ... on level 1 of the Dungeon.
             The game lasted 00:01:33 (577 turns).

Hasart the Insei (Demigod Transmuter)                Turns: 577, Time: 00:01:33

Health: 0/15       AC:  2    Str: 13    XL:     1   Next: 80%
Magic:  5/5        EV: 12    Int: 17    God:
Gold:   0          SH:  0    Dex: 16    Spells: 2/3 levels left

rFire    . . .     SeeInvis .     - Unarmed
rCold    . . .     Gourm    .   (no shield)
rNeg     . . .     Faith    .   b - +0 robe
rPois    .         Spirit   .   (no helmet)
rElec    .         Reflect  .   (no cloak)
rCorr    .         Harm     .   (no gloves)
MR       .....                  (no boots)
Stlth    +.........             (no amulet)
HPRegen  0.05/turn              (no ring)
MPRegen  0.09/turn              (no ring)

@: no status effects
A: high mp 1
a: no special abilities


You were on level 1 of the Dungeon.
You were not hungry.

You visited 1 branch of the dungeon, and saw 1 of its levels.

Inventory:

Missiles
 a - 12 arrows
Armour
 b - a +0 robe (worn)
Scrolls
 g - a scroll of remove curse {unknown}
 h - 2 scrolls of identify {unknown}
Potions
 e - 2 potions of curing {unknown}
Books
 c - a book of Changes

   Spells                             Type                      Level
   a - Beastly Appendage              Transmutation                1
   b - Sticks to Snakes               Transmutation                2
   c - Spider Form                    Transmutation/Poison         3
   d - Ice Form                       Ice/Transmutation            4
   e - Blade Hands                    Transmutation                5
Comestibles
 d - 2 bread rations
 f - a meat ration


   Skills:
 - Level 0.8 Fighting
 - Level 1.7 Dodging
 + Level 3.2 Unarmed Combat
 - Level 1.7 Spellcasting
 - Level 1.7 Transmutations


You had 2 spell levels left.
You knew the following spells:

 Your Spells              Type           Power        Failure   Level  Hunger
a - Beastly Appendage     Tmut           #.....       10%         1    #......


Dungeon Overview and Level Annotations

Branches:
Dungeon (1/15)


Innate Abilities, Weirdness & Mutations

You have an increased reservoir of magic. (+10% MP)


Message History

The goblin hits you with a club. The goblin hits you with a club.
The goblin hits you with a club. The goblin hits you but does no damage.
The goblin hits you but does no damage. The goblin hits you with a club.
* * * LOW HITPOINT WARNING * * *
The goblin hits you but does no damage. The goblin closely misses you.
The goblin hits you but does no damage. The goblin barely misses you.
The goblin barely misses you. The goblin hits you but does no damage.
The goblin barely misses you. The goblin hits you with a club.
* * * LOW HITPOINT WARNING * * *
The goblin barely misses you. The goblin misses you.
The goblin hits you with a club.
You die...

# ############
##.........######
##..............#####
.#>........).##.....#
................@g..#
.#.........#.#.#.#..#
.#..................#
.#.........#.#?#.#..#
......#.##..........#
.#.#.......#.#.#.#..#
.....#####.........##
.#.#.# #.#.#.#.#.#


You could see a goblin.

Vanquished Creatures
  2 leopard geckos (D:1)
  A goblin (D:1)
  2 bats (D:1)
  A kobold (D:1)
6 creatures vanquished.

Notes
Turn   | Place    | Note
-------+----------+-------------------------------------------
     0 | D:1      | Hasart the Demigod Transmuter began the quest for the Orb.
     0 | D:1      | Reached XP level 1. HP: 15/15 MP: 5/5
    50 | D:1      | Reached skill level 3 in Unarmed Combat
   577 | D:1      | Slain by a goblin

Vault maps used:
D:1:      tarquinn_simple_flora_water_a, serial_glass, glass_columns_a,
          glass_columns_a, glass_columns_b, glass_columns_b, glass_columns_a,
          glass_columns_a, glass_columns_b, glass_columns_b, glass_columns_c,
          glass_columns_a, glass_columns_a, glass_columns_a, glass_columns_b,
          glass_columns_c

Skill      XL: |  1 |
---------------+----+-----
Unarmed Combat | 3 |  3.2
Fighting       | |  0.8
Dodging        | |  1.7
Spellcasting   | |  1.7
Transmutations | |  1.7

Action                   || total
-------------------------++-------
Melee: Unarmed           ||    28
       Kick              ||     1
       Punch             ||     1
 Cast: Beastly Appendage ||     1
Armor: Robe              ||    12
Dodge: Dodged            ||    24

Table legend:
 A = Spawn XP
 B = Non-spawn XP
 C = Spawn XP percentage of total XP
 D = Spawn monster count
 E = Non-spawn monster count
 F = Spawn count percentage of total count
 G = Total turns spent on level
                    A         B        C        D         E        F      G
               +---------+---------+-------+---------+---------+-------+---------
         Total |       0 |      12 |   0.0 |       0 |       6 |   0.0 |   577
               +---------+---------+-------+---------+---------+-------+---------
           D:1 |       0 |      12 |   0.0 |       0 |       6 |   0.0 |   577
               +---------+---------+-------+---------+---------+-------+---------
